TOP OF THE 1ST |
Pittsburgh (WIN) Pirates batting - Pitching for Minnesota (WIN) Twins : RHP Brad Harth
|
Pitching: RHP Brad Harth
|
|
Batting: RHB Etsuro Hosokawa
|
0-0: Foul Ball, location: 2F 0-1: Ball 1-1: Swinging Strike 1-2: Foul Ball, location: 2F 1-2: Foul Ball, location: 2F 1-2: SINGLE (Groundball, 4MS, EV 68.1 MPH) (infield hit)
|
Batting: RHB Richard Barrios
|
0-0: Ball 1-0: Grounds into double play, 5-4-3 (Groundball, 5, EV 99.4 MPH)
|
Batting: RHB Mike Velazquez
|
0-0: Ball 1-0: Ball 2-0: SINGLE (Flyball, 9LM, EV 97.5 MPH)
|
Batting: RHB Jose Almonte
|
0-0: Called Strike 0-1: Ball Wild Pitch! Mike Velazquez to second 1-1: Ball 2-1: Ball 3-1: Called Strike 3-2: Base on Balls
|
Batting: SHB Mike Corley
|
0-0: Ball 1-0: Foul Ball, location: 2F 1-1: Foul Ball, location: 2F 1-2: Fly out, F6 (Popup, 6, EV 70.0 MPH)
|
Top of the 1st over - 0 runs, 2 hits, 0 errors, 2 left on base; Pittsburgh (WIN) 0 - Minnesota (WIN) 0 |
BOTTOM OF THE 1ST |
Minnesota (WIN) Twins batting - Pitching for Pittsburgh (WIN) Pirates : RHP Mike Wilkinson
|
Pitching: RHP Mike Wilkinson
|
|
Batting: RHB Jesse Scott
|
0-0: Called Strike 0-1: Swinging Strike 0-2: Ball 1-2: Ball 2-2: Foul Ball, location: 2F 2-2: Foul Ball, location: 2F 2-2: Ball 3-2: Base on Balls
|
Batting: RHB J.J. Powers
|
0-0: Ball 1-0: Ball Jesse Scott steals 2nd, throwing error, E2 Jesse Scott to third 2-0: Ball 3-0: Called Strike 3-1: Base on Balls
|
Batting: RHB Miguel Diaz
|
0-0: Fly out, F8 (Flyball, 8LXD, EV 106.2 MPH) Runner from 3rd tags up, SCORES, no throw by CF
|
Batting: SHB Dan Morataya
|
0-0: Grounds out, U3 (Groundball, 3L, EV 81.9 MPH)
|
Batting: RHB Matt Dunn
|
0-0: Ball 1-0: Swinging Strike 1-1: Ball 2-1: Ball 3-1: Base on Balls
|
Batting: RHB Manuel Juarez
|
0-0: Foul Ball, location: 2F 0-1: Foul Ball, location: 2F 0-2: Ball 1-2: Ball 2-2: Fly out, F7 (Line Drive, 7, EV 103.1 MPH)
|
Bottom of the 1st over - 1 run, 0 hits, 1 error, 2 left on base; Pittsburgh (WIN) 0 - Minnesota (WIN) 1 |
TOP OF THE 2ND |
Pittsburgh (WIN) Pirates batting - Pitching for Minnesota (WIN) Twins : RHP Brad Harth
|
Batting: LHB Josh Aerni
|
0-0: Fly out, F8 (Flyball, 8RS, EV 92.5 MPH)
|
Batting: RHB Ken Manser
|
0-0: Swinging Strike 0-1: Swinging Strike 0-2: Strikes out swinging
|
Batting: RHB Perry Dominey
|
0-0: Ball 1-0: Ball 2-0: Ground out 4-3 (Groundball, 4, EV 77.5 MPH)
|
Top of the 2nd over - 0 runs, 0 hits, 0 errors, 0 left on base; Pittsburgh (WIN) 0 - Minnesota (WIN) 1 |
BOTTOM OF THE 2ND |
Minnesota (WIN) Twins batting - Pitching for Pittsburgh (WIN) Pirates : RHP Mike Wilkinson
|
Batting: RHB Cyril Husson
|
0-0: Called Strike 0-1: Foul Ball, location: 2F 0-2: Fly out, F9 (Line Drive, 9S, EV 86.9 MPH)
|
Batting: LHB Chaim Huting
|
0-0: Ball 1-0: Called Strike 1-1: Ball 2-1: Called Strike 2-2: SOLO HOME RUN (Line Drive, 8LXD, EV 116.2 MPH), Distance : 449 ft
|
Batting: LHB Israel Montoya
|
0-0: Called Strike 0-1: SINGLE (Groundball, 34D, EV 102.5 MPH)
|
Batting: RHB Jesse Scott
|
0-0: Ball 1-0: Ball 2-0: Ball 3-0: Called Strike 3-1: Called Strike 3-2: Base on Balls Israel Montoya to second
|
Batting: RHB J.J. Powers
|
0-0: Called Strike 0-1: Ball 1-1: SINGLE (Groundball, 56S, EV 65.6 MPH) (infield hit) Israel Montoya to third Jesse Scott to second
|
Batting: RHB Miguel Diaz
|
0-0: Foul Ball, location: 2F 0-1: Ball 1-1: GRAND SLAM HOME RUN (Flyball, 9D, EV 96.9 MPH), Distance : 376 ft
|
Batting: SHB Dan Morataya
|
0-0: Ball 1-0: Ground out U3 (Groundball, 3L, EV 86.2 MPH)
|
Batting: RHB Matt Dunn
|
0-0: Called Strike 0-1: Ball 1-1: Swinging Strike 1-2: Foul Ball, location: 2F 1-2: Strikes out swinging
|
Bottom of the 2nd over - 5 runs, 4 hits, 0 errors, 0 left on base; Pittsburgh (WIN) 0 - Minnesota (WIN) 6 |
TOP OF THE 3RD |
Pittsburgh (WIN) Pirates batting - Pitching for Minnesota (WIN) Twins : RHP Brad Harth
|
Batting: RHB Alex Arzate
|
0-0: Called Strike 0-1: Ball 1-1: Ball 2-1: Fly out, F9 (Flyball, 89S, EV 79.4 MPH)
|
Batting: RHB Etsuro Hosokawa
|
0-0: Ball 1-0: SINGLE (Line Drive, 34D, EV 95.6 MPH)
|
Batting: RHB Richard Barrios
|
0-0: Ball 1-0: Ball 2-0: Ball 3-0: Base on Balls Etsuro Hosokawa to second
|
Batting: RHB Mike Velazquez
|
0-0: Called Strike 0-1: Fly out, F7 (Flyball, 78M, EV 89.4 MPH)
|
Batting: RHB Jose Almonte
|
0-0: Called Strike 0-1: Ball 1-1: Ball 2-1: Reached on error, E3 (Groundball, 34, EV 89.4 MPH) Etsuro Hosokawa to third Richard Barrios to second
|
Batting: SHB Mike Corley
|
0-0: Called Strike 0-1: Ground out 4-3 (Groundball, 4, EV 96.2 MPH)
|
Top of the 3rd over - 0 runs, 1 hit, 1 error, 3 left on base; Pittsburgh (WIN) 0 - Minnesota (WIN) 6 |
BOTTOM OF THE 3RD |
Minnesota (WIN) Twins batting - Pitching for Pittsburgh (WIN) Pirates : RHP Mike Wilkinson
|
Batting: RHB Manuel Juarez
|
0-0: Ball 1-0: Called Strike 1-1: Ground out 3-1 (Groundball, 34S, EV 85.0 MPH)
|
Batting: RHB Cyril Husson
|
0-0: Foul Ball, location: 2F 0-1: Ball 1-1: Swinging Strike 1-2: Foul Ball, location: 2F 1-2: Strikes out swinging
|
Batting: LHB Chaim Huting
|
0-0: Ground out 5-3 (Groundball, 5, EV 102.5 MPH)
|
Bottom of the 3rd over - 0 runs, 0 hits, 0 errors, 0 left on base; Pittsburgh (WIN) 0 - Minnesota (WIN) 6 |
TOP OF THE 4TH |
Pittsburgh (WIN) Pirates batting - Pitching for Minnesota (WIN) Twins : RHP Brad Harth
|
Batting: LHB Josh Aerni
|
0-0: Ground out 4-3 (Groundball, 4, EV 90.0 MPH)
|
Batting: RHB Ken Manser
|
0-0: Ball 1-0: Ground out 3-1 (Groundball, 34S, EV 73.8 MPH)
|
Batting: RHB Perry Dominey
|
0-0: Ball 1-0: Foul Ball, location: 2F 1-1: Called Strike 1-2: Ground out U3 (Groundball, 34S, EV 88.1 MPH)
|
Top of the 4th over - 0 runs, 0 hits, 0 errors, 0 left on base; Pittsburgh (WIN) 0 - Minnesota (WIN) 6 |
BOTTOM OF THE 4TH |
Minnesota (WIN) Twins batting - Pitching for Pittsburgh (WIN) Pirates : RHP Mike Wilkinson
|
Pitching: LHP Phil DeCamp
|
|
Batting: LHB Israel Montoya
|
0-0: Ground out 1-3 (Groundball, 15S, EV 68.1 MPH)
|
Batting: RHB Jesse Scott
|
0-0: Foul Ball, location: 2F 0-1: Called Strike 0-2: Strikes out looking
|
Batting: RHB J.J. Powers
|
0-0: Ball 1-0: Called Strike 1-1: Ball 2-1: Ball 3-1: Called Strike 3-2: Strikes out looking
|
Bottom of the 4th over - 0 runs, 0 hits, 0 errors, 0 left on base; Pittsburgh (WIN) 0 - Minnesota (WIN) 6 |
TOP OF THE 5TH |
Pittsburgh (WIN) Pirates batting - Pitching for Minnesota (WIN) Twins : RHP Brad Harth
|
Batting: RHB Alex Arzate
|
0-0: Ball 1-0: Ball 2-0: Called Strike 2-1: Foul Ball, location: 2F 2-2: Foul Ball, location: 2F 2-2: Strikes out swinging
|
Batting: RHB Etsuro Hosokawa
|
0-0: Called Strike 0-1: Foul Ball, location: 2F 0-2: Foul Ball, location: 2F 0-2: Ball 1-2: Fly out, F9 (Line Drive, 9, EV 91.9 MPH)
|
Batting: RHB Richard Barrios
|
0-0: Foul Ball, location: 2F 0-1: Ball 1-1: Foul Ball, location: 2F 1-2: Fly out, F8 (Flyball, 8LXD, EV 98.8 MPH)
|
Top of the 5th over - 0 runs, 0 hits, 0 errors, 0 left on base; Pittsburgh (WIN) 0 - Minnesota (WIN) 6 |
BOTTOM OF THE 5TH |
Minnesota (WIN) Twins batting - Pitching for Pittsburgh (WIN) Pirates : LHP Phil DeCamp
|
Batting: RHB Miguel Diaz
|
0-0: Called Strike 0-1: Ball 1-1: Swinging Strike 1-2: Ball 2-2: Ball 3-2: Base on Balls
|
Batting: SHB Dan Morataya
|
0-0: Ball 1-0: Ball 2-0: Fly out, F8 (Flyball, 8LXD, EV 90.0 MPH)
|
Batting: RHB Matt Dunn
|
0-0: Swinging Strike 0-1: Ball 1-1: Fly out, F8 (Line Drive, 89M, EV 90.6 MPH)
|
Batting: RHB Manuel Juarez
|
0-0: Called Strike 0-1: Fly out, F4 (Popup, 34S, EV 88.8 MPH)
|
Bottom of the 5th over - 0 runs, 0 hits, 0 errors, 1 left on base; Pittsburgh (WIN) 0 - Minnesota (WIN) 6 |
TOP OF THE 6TH |
Pittsburgh (WIN) Pirates batting - Pitching for Minnesota (WIN) Twins : RHP Brad Harth
|
Batting: RHB Mike Velazquez
|
0-0: Ball 1-0: Called Strike 1-1: Fly out, F7 (Flyball, 7LM, EV 86.9 MPH)
|
Batting: RHB Jose Almonte
|
0-0: Called Strike 0-1: Ball 1-1: Swinging Strike 1-2: Strikes out swinging
|
Batting: SHB Mike Corley
|
0-0: Foul Ball, location: 2F 0-1: Ball 1-1: Ball 2-1: Ground out 4-3 (Groundball, 4D, EV 98.8 MPH)
|
Top of the 6th over - 0 runs, 0 hits, 0 errors, 0 left on base; Pittsburgh (WIN) 0 - Minnesota (WIN) 6 |
BOTTOM OF THE 6TH |
Minnesota (WIN) Twins batting - Pitching for Pittsburgh (WIN) Pirates : LHP Phil DeCamp
|
Batting: RHB Cyril Husson
|
0-0: Ball 1-0: Foul Ball, location: 2F 1-1: Fly out, F8 (Flyball, 89M, EV 89.4 MPH)
|
Batting: LHB Chaim Huting
|
0-0: Ball 1-0: Ball 2-0: Swinging Strike 2-1: Ball 3-1: Base on Balls
|
Batting: LHB Israel Montoya
|
0-0: SINGLE (Flyball, 5D, EV 86.2 MPH) Chaim Huting to second
|
Batting: RHB Jesse Scott
|
0-0: Swinging Strike 0-1: Ball 1-1: Foul Ball, location: 2F 1-2: Strikes out swinging
|
Batting: RHB J.J. Powers
|
0-0: Foul Ball, location: 2F 0-1: Ground out 6-3 (Groundball, 6D, EV 110.0 MPH)
|
Bottom of the 6th over - 0 runs, 1 hit, 0 errors, 2 left on base; Pittsburgh (WIN) 0 - Minnesota (WIN) 6 |
TOP OF THE 7TH |
Pittsburgh (WIN) Pirates batting - Pitching for Minnesota (WIN) Twins : RHP Brad Harth
|
Batting: LHB Josh Aerni
|
0-0: Foul Ball, location: 2F 0-1: Foul Ball, location: 2F 0-2: SINGLE (Groundball, 6MD, EV 103.1 MPH)
|
Batting: RHB Ken Manser
|
0-0: Ball 1-0: Called Strike 1-1: Foul Ball, location: 2F 1-2: Ball 2-2: Foul Ball, location: 2F 2-2: Ball 3-2: Base on Balls Josh Aerni to second
|
Batting: RHB Perry Dominey
|
0-0: Called Strike 0-1: Foul Ball, location: 2F 0-2: Strikes out swinging
|
Batting: RHB Alex Arzate
|
0-0: Ball 1-0: SINGLE (Groundball, 34D, EV 100.6 MPH) Josh Aerni to third Ken Manser to second Runner from 3rd tries for Home, SAFE, throw by RF to home
|
Batting: RHB Etsuro Hosokawa
|
0-0: Ball 1-0: Grounds into double play, 5-4-3 (Groundball, 56, EV 93.1 MPH)
|
Top of the 7th over - 1 run, 2 hits, 0 errors, 1 left on base; Pittsburgh (WIN) 1 - Minnesota (WIN) 6 |
BOTTOM OF THE 7TH |
Minnesota (WIN) Twins batting - Pitching for Pittsburgh (WIN) Pirates : LHP Phil DeCamp
|
Batting: RHB Miguel Diaz
|
0-0: Swinging Strike 0-1: Called Strike 0-2: Ball 1-2: Foul Ball, location: 2F 1-2: Foul Ball, location: 2F 1-2: Ball 2-2: DOUBLE (Line Drive, 89D, EV 104.4 MPH)
|
Batting: SHB Dan Morataya
|
0-0: Ball 1-0: Fly out, F8 (Flyball, 8LM, EV 92.5 MPH)
|
Batting: RHB Matt Dunn
|
0-0: Foul Ball, location: 2F 0-1: Ball 1-1: Ball 2-1: Ball 3-1: Base on Balls
|
Pitching: RHP Jeff Crescimanno
|
|
Batting: RHB Manuel Juarez
|
0-0: Reached on error, E1 (Groundball, 25, EV 72.5 MPH) Miguel Diaz to third Matt Dunn to second
|
Batting: RHB Cyril Husson
|
0-0: Called Strike 0-1: Ball 1-1: Ball 2-1: Grounds into double play, 6-4-3 (Groundball, 6, EV 95.6 MPH)
|
Bottom of the 7th over - 0 runs, 1 hit, 1 error, 2 left on base; Pittsburgh (WIN) 1 - Minnesota (WIN) 6 |
TOP OF THE 8TH |
Pittsburgh (WIN) Pirates batting - Pitching for Minnesota (WIN) Twins : RHP Brad Harth
|
Batting: RHB Richard Barrios
|
0-0: Ball 1-0: Called Strike 1-1: Ball 2-1: Fly out, F6 (Line Drive, 6, EV 76.2 MPH)
|
Pitching: LHP Antoine Champagne
|
|
Batting: RHB Mike Velazquez
|
0-0: Ball 1-0: Foul Ball, location: 2F 1-1: Ball 2-1: Swinging Strike 2-2: Strikes out swinging
|
Batting: RHB Jose Almonte
|
0-0: Called Strike 0-1: Swinging Strike 0-2: Strikes out swinging
|
Top of the 8th over - 0 runs, 0 hits, 0 errors, 0 left on base; Pittsburgh (WIN) 1 - Minnesota (WIN) 6 |
BOTTOM OF THE 8TH |
Minnesota (WIN) Twins batting - Pitching for Pittsburgh (WIN) Pirates : RHP Jeff Crescimanno
|
Batting: LHB Chaim Huting
|
0-0: Ball 1-0: Foul Ball, location: 2F 1-1: Fly out, F8 (Flyball, 8LM, EV 85.6 MPH)
|
Batting: LHB Israel Montoya
|
0-0: Ball 1-0: Ground out 4-3 (Groundball, 34, EV 99.4 MPH)
|
Batting: RHB Jesse Scott
|
0-0: Ball 1-0: Foul Ball, location: 2F 1-1: Ball 2-1: Foul Ball, location: 2F 2-2: Ball 3-2: Strikes out looking
|
Bottom of the 8th over - 0 runs, 0 hits, 0 errors, 0 left on base; Pittsburgh (WIN) 1 - Minnesota (WIN) 6 |
TOP OF THE 9TH |
Pittsburgh (WIN) Pirates batting - Pitching for Minnesota (WIN) Twins : LHP Antoine Champagne
|
Batting: SHB Mike Corley
|
0-0: Ball 1-0: Ball 2-0: Ground out 6-3 (Groundball, 6, EV 104.4 MPH)
|
Batting: LHB Josh Aerni
|
0-0: Ball 1-0: Swinging Strike 1-1: Foul Ball, location: 2F 1-2: Strikes out swinging
|
Batting: RHB Ken Manser
|
0-0: Swinging Strike 0-1: Ball 1-1: Foul Ball, location: 2F 1-2: Foul Ball, location: 2F 1-2: Strikes out looking
|
Top of the 9th over - 0 runs, 0 hits, 0 errors, 0 left on base; Pittsburgh (WIN) 1 - Minnesota (WIN) 6 |
|